 Dungeon Crawl Stone Soup version 0.22-a0-368-g870eee8 (webtiles) character file.

51 Amnesiac the Magician (level 3, 0/24 HPs)
             Began as a Mummy Wizard on Apr 23, 2018.
             Slain by a hound (3 damage)
             ... on level 4 of the Dungeon.
             The game lasted 00:02:22 (1929 turns).

Amnesiac the Magician (Mummy Wizard)                Turns: 1929, Time: 00:02:23

Health: 0/24       AC:  2    Str: 10    XL:     3   Next: 57%
Magic:  0/8        EV: 12    Int: 18    God:
Gold:   31         SH:  0    Dex: 10    Spells: 1/10 levels left

rFire    x . .     SeeInvis .   (no weapon)
rCold    + . .     Gourm    .   (no shield)
rNeg     + + +     Faith    .   a - +0 robe
rPois    ∞         Spirit   .   b - +0 hat
rElec    .         Reflect  .   (no cloak)
rCorr    .         Harm     .   (no gloves)
MR       .....                  (no boots)
Stlth    ++........             (no amulet)
HPRegen  0.08/turn              (no ring)
MPRegen  0.11/turn              (no ring)

@: no status effects
A: no food or potions, fire vulnerability, cold resistance 1, negative energy
resistance 3, torment resistance, unbreathing
a: no special abilities


You were on level 4 of the Dungeon.
You were not hungry.

You visited 1 branch of the dungeon, and saw 4 of its levels.

You collected 31 gold pieces.

Inventory:

Armour
 a - a +0 robe (worn)
 b - a +0 hat (worn)
Scrolls
 c - a scroll of remove curse {!r}


   Skills:
 - Level 1.5 Dodging
 - Level 1.5 Stealth
 - Level 4.0 Spellcasting
 + Level 2.9 Conjurations
 - Level 0.7 Summonings
   Level 0.7 Translocations


You had one spell level left.
You knew the following spells:

 Your Spells              Type           Power        Failure   Level  Hunger
a - Magic Dart            Conj           ##..         4%          1    N/A
b - Call Imp              Summ           #.......     17%         2    N/A
e - Mephitic Cloud        Conj/Pois/Air  #.......     30%         3    N/A
s - Conjure Flame         Conj/Fire      #.......     24%         3    N/A

Dungeon Overview and Level Annotations

Branches:
Dungeon (4/15)
 Temple: D:4-7

Altars:
Wu Jian


Innate Abilities, Weirdness & Mutations

You do not eat or drink.
Your flesh is vulnerable to fire.
You are immune to poison.
Your flesh is cold resistant. (rC+)
You are immune to negative energy. (rN+++)
You are immune to unholy pain and torment.
You can survive without breathing.


Message History

Aim: a hound (severely wounded)
The magic dart hits the hound.
The hound is almost dead.
The hound closely misses you. x2
Casting: Magic Dart (safe; 4% risk of failure)
Confirm with . or Enter, or press ? or * to list all spells.
You don't have enough magic to cast that spell.
Casting: Magic Dart (safe; 4% risk of failure)
Confirm with . or Enter, or press ? or * to list all spells.
You don't have enough magic to cast that spell.
You closely miss the hound.
The hound is almost dead.
The hound misses you.
Casting: Magic Dart (safe; 4% risk of failure)
Confirm with . or Enter, or press ? or * to list all spells.
You don't have enough magic to cast that spell.
You closely miss the hound.
The hound is almost dead.
The hound closely misses you. The hound bites you.
Casting: Magic Dart (safe; 4% risk of failure)
Confirm with . or Enter, or press ? or * to list all spells.
You don't have enough magic to cast that spell.
You miss the hound.
The hound is severely wounded.
The hound bites you.
Casting: Magic Dart (safe; 4% risk of failure)
Confirm with . or Enter, or press ? or * to list all spells.
You don't have enough magic to cast that spell.
The hound bites you.
* * * LOW HITPOINT WARNING * * *
Casting: Magic Dart (safe; 4% risk of failure)
Confirm with . or Enter, or press ? or * to list all spells.
You don't have enough magic to cast that spell.
Casting: Magic Dart (safe; 4% risk of failure)
Confirm with . or Enter, or press ? or * to list all spells.
You don't have enough magic to cast that spell.
Casting: Magic Dart (safe; 4% risk of failure)
Confirm with . or Enter, or press ? or * to list all spells.
You don't have enough magic to cast that spell.
Casting: Magic Dart (safe; 4% risk of failure)
Confirm with . or Enter, or press ? or * to list all spells.
You don't have enough magic to cast that spell.
You hit the hound but do no damage.
The hound is severely wounded.
The hound barely misses you. The hound bites you.
* * * LOW HITPOINT WARNING * * *
Unknown command.
The hound bites you.
* * * LOW HITPOINT WARNING * * *
Casting: Magic Dart (safe; 4% risk of failure)
Confirm with . or Enter, or press ? or * to list all spells.
Aiming: Magic Dart (safe; 4% risk of failure)
Press: ? - help, Shift-Dir - straight line, f/p - hound
Aim: a hound (severely wounded)
The magic dart hits the hound.
The hound is almost dead.
The hound closely misses you.
Unknown command.
Really read
d - a scroll labeled UGIOME TOMOMO {!r}?
As you read the scroll labeled UGIOME TOMOMO {!r}, it crumbles to dust.
It is a scroll of identify.
c - a scroll of remove curse {!r} The hound bites you.
You die...

### ..# ## .... .......
.#..... ##.#. ........#. #...#
###.......... #...#
#.@........# # #...#
#h#.#.....# .### #...#
#o#.##...###....
######...######o#..o....#.....
#...[.).......#.###...........
..............#...o..)........
#......(......#####...........
######...####.# #...........
#...# #.# ##.....####


You could see a hound and 2 orcs.

Vanquished Creatures
  An adder (D:4)
  A dart slug (D:1)
  2 leopard geckos
  An orc (D:3)
  A giant cockroach (D:1)
  3 goblins (D:2)
  2 hobgoblins
  6 jackals
  A ball python (D:4)
  2 bats
  11 frilled lizards (D:1)
  4 kobolds
  A leopard gecko skeleton (D:4)
36 creatures vanquished.

Vanquished Creatures (collateral kills)
  A worm (D:4)
  A kobold (D:1)
2 creatures vanquished.

Vanquished Creatures (others)
  A rat (D:2)
1 creature vanquished.

Grand Total: 39 creatures vanquished

Notes
Turn   | Place    | Note
-------+----------+-------------------------------------------
     0 | D:1      | Amnesiac the Mummy Wizard began the quest for the Orb.
     0 | D:1      | Reached XP level 1. HP: 13/13 MP: 5/5
    30 | D:1      | Reached skill level 1 in Conjurations
   252 | D:1      | Reached XP level 2. HP: 3/19 MP: 0/7
   325 | D:1      | Learned a level 2 spell: Call Imp
  1366 | D:2      | Reached XP level 3. HP: 24/24 MP: 1/8
  1371 | D:2      | Learned a level 3 spell: Conjure Flame
  1375 | D:2      | Learned a level 3 spell: Mephitic Cloud
  1530 | D:2      | Found an ornate altar of the Wu Jian Council.
  1929 | D:4      | Slain by a hound

Vault maps used:
D:1:      onia_arrival_pyramid, minmay_lizard_king
D:2:      old_standard_altar, grunt_qazlal_clouds
D:3:      minmay_goblin_kobold_castle, okawaru_metal_pillars_1_2,
          nicolae_overflow_crystal_walls, lemuel_coloured_pillars_altar,
          first_ration, lemuel_blue_sif_altar
D:4:      minmay_temple_entry_trees

Skill      XL: |  1  2 |
---------------+-------+-----
Conjurations   | 1 2 |  2.9
Dodging        | |  1.5
Stealth        | |  1.5
Spellcasting   | |  4.0
Summonings     | |  0.7
Translocations | |  0.7

Action                   || total
-------------------------++-------
Melee: Unarmed           ||    20
 Cast: Magic Dart        ||    87
       Call Imp          ||     8
  Use: Scroll            ||     1
Armor: Robe              ||     6
Dodge: Dodged            ||    32

Table legend:
 A = Spawn XP
 B = Non-spawn XP
 C = Spawn XP percentage of total XP
 D = Spawn monster count
 E = Non-spawn monster count
 F = Spawn count percentage of total count
 G = Total turns spent on level
                    A         B        C        D         E        F      G
               +---------+---------+-------+---------+---------+-------+---------
         Total |       0 |      73 |   0.0 |       0 |      38 |   0.0 |  1929
               +---------+---------+-------+---------+---------+-------+---------
           D:1 |       0 |      24 |   0.0 |       0 |      17 |   0.0 |   983
           D:2 |       0 |      22 |   0.0 |       0 |      12 |   0.0 |   588
           D:3 |       0 |       5 |   0.0 |       0 |       2 |   0.0 |    80
           D:4 |       0 |      22 |   0.0 |       0 |       7 |   0.0 |   278
               +---------+---------+-------+---------+---------+-------+---------
